Workbook

Sheet 24 25 Spending
B1: July | C1: Aug | D1: Sept | E1: Oct | F1: Nov | G1: Dec | H1: Jan | I1: Feb | J1: Mar | K1: Apr | L1: May | M1: Jun | N1: TYD | O1: Approved Budget for 24/25 | P1: Working Budget
A2: Income
A3: 5th Grade Send Off (flow-thru) | F3: 399.75 | J3: =28+68.18+325+491.22+0.8 -> 913.2 | K3: =207.25+92.53 -> 299.78 | L3: =20+102.73+337+5+5+5+14.46 -> 489.19 | M3: =20+18+31.75 -> 69.75 | N3: =SUM(B3:M3) -> 2171.67 | O3: 300 | P3: =N3-O3 -> 1871.67
A4: Book Fair Cash Sales (Flow-thru) | F4: =1471.91-263.87 -> 1208.04 | L4: =1712.74-387.23 -> 1325.51 | N4: =SUM(B4:M4) -> 2533.55 | O4: 2000 | P4: =N4-O4 -> 533.55
A5: Bottle Drop | C5: 450 | E5: 788.16 | J5: 700 | K5: 400 | M5: 200 | N5: =SUM(B5:M5) -> 2538.16 | O5: 2200 | P5: =N5-O5 -> 338.16
A6: Box Tops | H6: 75.3 | L6: 57.7 | N6: =SUM(B6:M6) -> 133 | O6: 100 | P6: =N6-O6 -> 33
A7: Fun Run | E7: =50+28921.74+2521+827.25+175+35+100 -> 32629.99 | F7: =25+60.08+20+20 -> 125.08 | N7: =SUM(B7:M7) -> 32755.07 | O7: 26000 | P7: =N7-O7 -> 6755.07
A8: Member/Misc (Donation; incl. corp. match funds) | H8: 250 | I8: =48.51 -> 48.51 | J8: =20+250 -> 270 | K8: 100 | L8: 196.4 | M8: 200 | N8: =SUM(B8:M8) -> 1064.91 | O8: 1400 | P8: =N8-O8 -> -335.09
A9: Music & School Concert Donations | G9: 251.53 | H9: 98 | I9: =420+243+100 -> 763 | N9: =SUM(B9:M9) -> 1112.53 | O9: 600 | P9: =N9-O9 -> 512.53
A10: Restaurant/Retail Fundraiser | D10: 177 | E10: 181.57 | G10: =59.84+300+167 -> 526.84 | H10: 162.63 | I10: 534.2 | K10: 241.29 | L10: =533.54+1748.5 -> 2282.04 | N10: =SUM(B10:M10) -> 4105.57 | O10: 2400 | P10: =N10-O10 -> 1705.57
A11: Rewards Programs (Amazon Smile, Fred Meyer) | C11: =119.83 -> 119.83 | F11: 105.53 | H11: 99.2 | L11: 135.72 | N11: =SUM(B11:M11) -> 460.28 | O11: 450 | P11: =N11-O11 -> 10.28
A12: School Supplies Donations | C12: 589.35 | D12: 10058 | N12: =SUM(B12:M12) -> 10647.35 | O12: 7000 | P12: =N12-O12 -> 3647.35
A13: Staff Appreciation donations | F13: 144.31 | G13: 53.91 | H13: 19.11 | I13: 30 | J13: 85.38 | K13: =15+19.11+136.93 -> 171.04 | L13: =335.94+20 -> 355.94 | M13: 10 | N13: =SUM(B13:M13) -> 869.69 | O13: 600 | P13: =N13-O13 -> 269.69
A15: Total Income | B15: =SUM(B2:B14) -> 0 | C15: =SUM(C2:C14) -> 1159.18 | D15: =SUM(D2:D14) -> 10235 | E15: =SUM(E2:E14) -> 33599.72 | F15: =SUM(F2:F14) -> 1982.71 | G15: =SUM(G2:G14) -> 832.28 | H15: =SUM(H2:H14) -> 704.24 | I15: =SUM(I2:I14) -> 1375.71 | ... M15: =SUM(M2:M14) -> 479.75 | N15: =SUM(N3:N14) -> 58391.78 | O15: =SUM(O3:O14) -> 43050
A16: Expenses | O16: Budget | Q16: Remaining
A17: 5th Grade Send Off | D17: 665 | L17: =604.1 -> 604.1 | M17: =530-530+1225+129.75+405.62 -> 1760.37 | N17: =SUM(B17:M17) -> 3029.47 | O17: 2250 | P17: =O17+N3 -> 4421.67 | Q17: =P17-N17 -> 1392.2 | R17: *This is the amount the PTO has agreed to contribute. Any additional funds raised by the 5th graders gets added to this total.
A18: Art Literacy | J18: 600 | N18: =SUM(B18:M18) -> 600 | O18: 1000 | Q18: =O18-N18 -> 400
A19: Assemblies | E19: 100 | F19: 556 | G19: 1395 | N19: =SUM(B19:M19) -> 2051 | O19: 2000 | Q19: =O19-N19 -> -51
A20: Battle of the Books (OBOB) | C20: 126.46 | D20: 85 | G20: 523 | M20: 349.71 | N20: =SUM(B20:M20) -> 1084.17 | O20: 1500 | Q20: =O20-N20 -> 415.83
A21: Boohoo Woohoo (welcome new families) | E21: 68 | N21: =SUM(B21:M21) -> 68 | O21: 100 | Q21: =O21-N21 -> 32
A22: Book Fair/Library Profit Spending (previous yrs proceeds) | G22: =517.91+4.89 -> 522.8 | L22: =70+1397.34 -> 1467.34 | N22: =SUM(B22:M22) -> 1990.14 | O22: 2000 | Q22: =O22-N22 -> 9.86
A23: Book Room | I23: 458.68 | N23: =SUM(B23:M23) -> 458.68 | O23: 500 | Q23: =O23-N23 -> 41.32
A24: Chess Club | F24: =621-143 -> 478 | N24: =SUM(B24:M24) -> 478 | O24: 500 | Q24: =O24-N24 -> 22 | R24: Note for 25-26 budget: Request from Jada to increase to $550 (per 2/3/25 email)
A25: Class Parties | F25: =50+43.96+50+50+32.75+24.99 -> 251.7 | G25: 50 | J25: =35.84+44.52+83.66 -> 164.02 | K25: 36.48 | L25: =124.06+45.04 -> 169.1 | M25: =74.67+50+56.03+11.98 -> 192.68 | N25: =SUM(B25:M25) -> 863.98 | O25: =150*16 -> 2400 | Q25: =O25-N25 -> 1536.02
A26: Clothes Closet Donation | L26: 250 | N26: =SUM(B26:M26) -> 250 | O26: 250 | Q26: =O26-N26 -> 0
A27: Music Room Supplies / School Concerts | G27: 1477.69 | I27: 420.39 | K27: 292.54 | L27: =1065.8+243.58 -> 1309.38 | N27: =SUM(B27:M27) -> 3500 | O27: 3500 | Q27: =O27-N27 -> 0 | R27: *music budget is actually $3250 plus the $250 each teacher also gets. Request to hold budget the same for next year
A28: Family Events - Donut w/GrownUp/Dance | J28: 355.47 | L28: =83.84+49.95+120.4 -> 254.19 | N28: =SUM(B28:M28) -> 609.66 | O28: 1200 | Q28: =O28-N28 -> 590.34
A29: Dry Cleaining (Furry Grover) | E29: 33 | N29: =SUM(B29:M29) -> 33 | O29: 50 | Q29: =O29-N29 -> 17
A30: Dues & Subscriptions | E30: =23.17+22.17 -> 45.34 | F30: 320 | G30: 48 | N30: =SUM(B30:M30) -> 413.34 | O30: 500 | Q30: =O30-N30 -> 86.66
A31: Emergency Buckets | N31: =SUM(B31:M31) -> 0 | O31: 100 | Q31: =O31-N31 -> 100
A32: Field Day (Villegas) | K32: 159.11 | M32: 91.62 | N32: =SUM(B32:M32) -> 250.73 | O32: 200 | Q32: =O32-N32 -> -50.73
A33: Field Trips - Kindy | K33: 264 | M33: 49.75 | N33: =SUM(B33:M33) -> 313.75 | O33: 1900 | Q33: =O33-N33 -> 1586.25
A34: Field Trips - 1st Grade | E34: 342 | F34: 128.98 | I34: 283.5 | K34: 30 | L34: 243.1 | M34: -72.93 | N34: =SUM(B34:M34) -> 954.65 | O34: 1900 | Q34: =O34-N34 -> 945.35
A35: Field Trips - 2nd Grade | D35: 420 | F35: 105.88 | L35: 943 | M35: 332.26 | N35: =SUM(B35:M35) -> 1801.14 | O35: 1900 | Q35: =O35-N35 -> 98.86 | R35: *field trip buses are roughly $350-450 for 2 buses, depending on how many hours they're gone.
A36: Field Trips - 3rd Grade | H36: 560 | K36: =448.5+117.43 -> 565.93 | L36: 351.51 | N36: =SUM(B36:M36) -> 1477.44 | O36: 1900 | Q36: =O36-N36 -> 422.56
A37: Field Trips - 4th Grade | H37: 90 | L37: =645+343.43+577.5 -> 1565.93 | M37: =-173.24 -> -173.24 | N37: =SUM(B37:M37) -> 1482.69 | O37: 1900 | Q37: =O37-N37 -> 417.31
A38: Field Trips - 5th Grade | J38: =383.5+680+15 -> 1078.5 | K38: 333.41 | L38: 420.42 | N38: =SUM(B38:M38) -> 1832.33 | O38: 1900 | Q38: =O38-N38 -> 67.67 | R38: PTO approved for projected budget overage
A39: Field Trips - 5th grade College/Career Readiness | M39: 500.5 | N39: =SUM(B39:M39) -> 500.5 | O39: 550 | Q39: =O39-N39 -> 49.5
A40: Fun Run - Pledgestar fees | E40: 995 | N40: =SUM(B40:M40) -> 995 | O40: 1000 | Q40: =O40-N40 -> 5
A41: Fun Run supplies, prizes, and T-shirts | D41: 225 | E41: =2844.25+48.17 -> 2892.42 | F41: =102.98+40 -> 142.98 | H41: 210.65 | I41: 160 | L41: =108.33+89.37+39.96 -> 237.66 | N41: =SUM(B41:M41) -> 3868.71 | O41: 4250 | Q41: =O41-N41 -> 381.29
A42: Green Team | M42: 100 | N42: =SUM(B42:M42) -> 100 | O42: 250 | Q42: =O42-N42 -> 150
A43: Jump Rope Club (t-shirts) | J43: 462 | K43: =-13.23-14-14-14 -> -55.23 | N43: =SUM(B43:M43) -> 406.77 | O43: 500 | Q43: =O43-N43 -> 93.23 | R43: Added to budget. Approved at January PTO meeting. Keep for 25-26
A44: Teddy Bear Event | N44: =SUM(B44:M44) -> 0 | O44: 960 | Q44: =O44-N44 -> 960 | R44: Added to budget. Approved at January PTO meeting
A45: Insurance | D45: 335 | N45: =SUM(B45:M45) -> 335 | O45: 340 | Q45: =O45-N45 -> 5
A46: Meet Your Teacher/Back to School | E46: 29.4 | N46: =SUM(B46:M46) -> 29.4 | O46: 150 | Q46: =O46-N46 -> 120.6
A47: PTO Meetings | J47: =59.45+53.5 -> 112.95 | M47: 101.75 | N47: =SUM(B47:M47) -> 214.7 | O47: 250 | Q47: =O47-N47 -> 35.3
A48: PTO Supplies | C48: 15.62 | M48: =501.38+178.72 -> 680.1 | N48: =SUM(B48:M48) -> 695.72 | O48: 1000 | Q48: =O48-N48 -> 304.28
A49: Principal Budget | C49: 270 | M49: 30 | N49: =SUM(B49:M49) -> 300 | O49: 300 | Q49: =O49-N49 -> 0
A50: Scholastic (3rd Grade) | C50: 453.76 | N50: =SUM(B50:M50) -> 453.76 | O50: 450 | Q50: =O50-N50 -> -3.76
A51: Scholastic (5th Grade) | C51: 453.76 | N51: =SUM(B51:M51) -> 453.76 | O51: 475 | Q51: =O51-N51 -> 21.24
A52: School Supplies | C52: =194.78+3045.03 -> 3239.81 | D52: 30.59 | F52: =328.8+46.74 -> 375.54 | H52: =64.9+50.16 -> 115.06 | I52: 54.95 | J52: 310.18 | K52: =65.95+148.19+54.95 -> 269.09 | N52: =SUM(B52:M52) -> 4395.22 | O52: 7000 | Q52: =O52-N52 -> 2604.78
A53: snack pantry | L53: 252.7 | N53: =SUM(B53:M53) -> 252.7 | O53: 250 | Q53: =O53-N53 -> -2.7
A54: Spring Event (Formerly Science Expo) | N54: =SUM(B54:M54) -> 0 | O54: 300 | Q54: =O54-N54 -> 300
A55: Staff Appreciation/Meals/Bdays | E55: =95.92+63.49 -> 159.41 | F55: =372.6-50+20.45+57.39 -> 400.44 | G55: =100+52.82 -> 152.82 | H55: =31.3+3.75 -> 35.05 | I55: =180.41 -> 180.41 | J55: =39.17+121.65+25.28 -> 186.1 | K55: =102.42+340.44+570 -> 1012.86 | L55: =240.94+36.83+484.5+404.7+69.85+136.88+221.48 -> 1595.18 | M55: =43.23+95.56 -> 138.79 | N55: =SUM(B55:M55) -> 3861.06 | O55: 2800 | P55: =O55+N13 -> 3669.69 | Q55: =P55-N55 -> -191.37 | R55: increase montly first Wednesday reimbursement to $125/month for 25-26
A56: Sunshine Fund | E56: 100 | F56: 41.92 | G56: =69.99+47.99+213.9 -> 331.88 | H56: =50+100 -> 150 | L56: =100+56.95 -> 156.95 | N56: =SUM(B56:M56) -> 780.75 | O56: 750 | Q56: =O56-N56 -> -30.75
A57: Taxes & Licenses | F57: 90 | H57: 50 | N57: =SUM(B57:M57) -> 140 | O57: 140 | Q57: =O57-N57 -> 0
A58: Teacher Supplies | C58: =65 -> 65 | D58: =34+219.28+55+27.56-219.28+250 -> 366.56 | E58: =143.42+97.66+111.23+59.5+44.26+33.75 -> 489.82 | F58: =25.98+64.84+57.96+248.49+37.32 -> 434.59 | G58: =34.99+61.58+250+38.47+250+44.99+86.13 -> 766.16 | H58: 250 | I58: =62.36+18.95+58.62 -> 139.93 | J58: =38.93+115.77+100.77+250+45.9+34.49 -> 585.86 | K58: =63.35+93.78+128.64+250+38.38+250 -> 824.15 | L58: =30+192.04+26.97+61.45+77.94+211.81+103.07+131.19+159+250+250 -> 1493.47 | M58: =110.85+111.49+47.76+30.04+250+32+280.69+156.61+33.4+93.69+173.51+42.94+134.26 -> 1497.24 | N58: =SUM(B58:M58) -> 6912.78 | O58: 8250 | Q58: =O58-N58 -> 1337.22
A59: Unbudgeted Expense | J59: =100+300 -> 400 | K59: =20+47.19 -> 67.19 | L59: =166.25+47.19 -> 213.44 | M59: 400 | N59: =SUM(B59:M59) -> 1080.63 | O59: 1000 | Q59: =O59-N59 -> -80.63
A60: Wellness (SEL) Center | L60: 150 | N60: =SUM(B60:M60) -> 150 | O60: 150 | Q60: =O60-N60 -> 0
A62: Total Expenses | B62: =SUM(B17:B61) -> 0 | C62: =SUM(C17:C61) -> 4624.41 | D62: =SUM(D17:D61) -> 2127.15 | E62: =SUM(E17:E61) -> 5254.39 | F62: =SUM(F17:F61) -> 3326.03 | G62: =SUM(G17:G61) -> 5267.35 | H62: =SUM(H17:H61) -> 1460.76 | I62: =SUM(I17:I61) -> 1697.86 | ... O62: =SUM(O17:O61) -> 60565
A63: Net Operating Income | N63: =N15-N62 -> 8923.15 | O63: =O15-O62 -> -17515
A64: Other Income
A65: Bank Dividends | B65: =0.91+1.1 -> 2.01 | C65: =0.77+1.1 -> 1.87 | D65: =0.91+1.06 -> 1.97 | E65: =1.1+1.2 -> 2.3 | F65: =2.05+1.06 -> 3.11 | G65: =1.1+2.08 -> 3.18 | H65: =1.1+1.93 -> 3.03 | I65: =1+1.69 -> 2.69 | J65: =1.1+1.88 -> 2.98 | K65: =1.07+1.7 -> 2.77 | L65: =1.1+1.65 -> 2.75 | N65: =SUM(B65:M65) -> 28.66 | O65: 10
A66: CD Dividends | B66: =10.22+8 -> 18.22 | C66: =10.24+10.21 -> 20.45 | D66: =9.93+9.9 -> 19.83 | E66: =10.28+10.25 -> 20.53 | F66: =9.93+9.96 -> 19.89 | G66: =10.32+10.28 -> 20.6 | H66: =11.03+10.33 -> 21.36 | I66: =10.43+9.35 -> 19.78 | J66: =11.57+10.37 -> 21.94 | K66: =11.22+10.05 -> 21.27 | L66: =11.62+10.41 -> 22.03 | N66: =SUM(B66:M66) -> 225.9 | O66: 100
A67: Total Other Income | N67: =N65+N66 -> 254.56 | O67: =SUM(O65:O66) -> 110
A68: Net Income | N68: =N63+N67 -> 9177.71 | O68: =(O63)+(O67) -> -17405
A70: Account Balances as of 06/5/2025 | E70: Meeting Updates & Discussions
A71: Business Checking | B71: 36522.59 | E71: - Dining for Dollars: $534 from Burgerville and $1,748 from McMenamins
A72: Business Savings | B72: 12978.51 | E72: - 5th Grade Send off Fundraising: $2,100 YTD
A73: CD 10 - 12 month (Jan) | B73: 5522.51 | F73: - Neon Dance $337
A74: CD 15 - 12 month (Jul) | B74: 5500.39 | F74: - Bingo Night $207
A75: Bottle drop | B75: 310 | E75: - Bottle Drop: $2,500+ YTD; PLUS $310 in the bottle drop account
B76: =SUM(B71:C75) -> 60834 | E76: - May was field trip month: $3,500 paid in May for various field trips
E77: - PTO donated $250 to Beaverton Clothing for Kids
E78: - Repalced broken Speaker - $501

Sheet Teacher Spending
B2: 45527 | H2: 150
B3: Grade/Class | C3: Name | D3: Budget | E3: Spent YTD | F3: Remaining | G3: Class Parties Spent | H3: Remaining Party Budget
B4: PreK | C4: Norris | D4: 250 | E4: 250 | F4: =D4-E4 -> 0 | G4: 124.06 | H4: =$H$2-G4 -> 25.94
B5: K | C5: Gooding | D5: 250 | E5: 250 | F5: =D5-E5 -> 0 | G5: 24.99 | H5: =$H$2-G5 -> 125.01
B6: K | C6: Barto | D6: 250 | E6: 250 | F6: =D6-E6 -> 0 | G6: =32.75+44.52 -> 77.27 | H6: =$H$2-G6 -> 72.73
B7: K | C7: McCullough | D7: 250 | E7: 250 | F7: =D7-E7 -> 0 | H7: =$H$2-G7 -> 150
B8: 1st | C8: Harwood | D8: 250 | F8: =D8-E8 -> 250 | G8: =36.48+25 -> 61.48 | H8: =$H$2-G8 -> 88.52
B9: 1st | C9: Ford | D9: 250 | E9: 250 | F9: =D9-E9 -> 0 | G9: =43.96+25 -> 68.96 | H9: =$H$2-G9 -> 81.04
B10: 2nd | C10: Standifer | D10: 250 | E10: 248.49 | F10: =D10-E10 -> 1.51 | G10: 11.98 | H10: =$H$2-G10 -> 138.02
B11: 2nd | C11: Beltran | D11: 250 | E11: 33.4 | F11: =D11-E11 -> 216.6 | H11: =$H$2-G11 -> 150
B12: 2nd | C12: Viegas | D12: 250 | E12: 250 | F12: =D12-E12 -> 0 | H12: =$H$2-G12 -> 150
B13: 3rd | C13: West | D13: 250 | E13: 211.76 | F13: =D13-E13 -> 38.24 | G13: =50+45.04+28.02 -> 123.06 | H13: =$H$2-G13 -> 26.94
B14: 3rd | C14: Oakes | D14: 250 | E14: =68.93+173.51 -> 242.44 | F14: =D14-E14 -> 7.56 | G14: =50+28.01 -> 78.01 | H14: =$H$2-G14 -> 71.99
B15: 4th | C15: Calafet | D15: 250 | E15: =33.75+86.13+62.36+20+47.76 -> 250 | F15: =D15-E15 -> 0 | G15: =35.84+24.89 -> 60.73 | H15: =$H$2-G15 -> 89.27
B16: 4th | C16: Peterson | D16: 250 | E16: =58.62+21.45+26.99+84.5+42.94 -> 234.5 | F16: =D16-E16 -> 15.5 | G16: =50+24.89 -> 74.89 | H16: =$H$2-G16 -> 75.11
B17: 4th | C17: Carter | D17: 250 | E17: =20+211.81 -> 231.81 | F17: =D17-E17 -> 18.19 | G17: =74.67/3 -> 24.89 | H17: =$H$2-G17 -> 125.11
B18: 5th | C18: Lee | D18: 250 | E18: =63.35+26.97+159 -> 249.32 | F18: =D18-E18 -> 0.68 | H18: =$H$2-G18 -> 150
B19: 5th | C19: Serrao | D19: 250 | E19: 250 | F19: =D19-E19 -> 0 | G19: =50+83.66 -> 133.66 | H19: =$H$2-G19 -> 16.34
B20: 5th | C20: Holstrom | D20: 250 | E20: =103.07+30.04 -> 133.11 | F20: =D20-E20 -> 116.89 | H20: =$H$2-G20 -> 150
B21: Coach/Intvtn | C21: Hausman | D21: 250 | E21: 250 | F21: =D21-E21 -> 0
B22: Coach/Intvtn | C22: Pearson | D22: 250 | E22: =143.42+59.5+45.9 -> 248.82 | F22: =D22-E22 -> 1.18
B23: Reading | C23: King | D23: 250 | E23: 156.61 | F23: =D23-E23 -> 93.39
B24: Counselor | C24: Caryl | D24: 250 | E24: =38.47+38.93+77.94+93.69 -> 249.03 | F24: =D24-E24 -> 0.97
B25: ESL | C25: Bell | D25: 250 | E25: =100.77+38.38+110.85 -> 250 | F25: =D25-E25 -> 0
B26: ESL | C26: Debusk | D26: 250 | E26: 250 | F26: =D26-E26 -> 0
B27: Resource Rm | C27: Choo | D27: 250 | E27: =115.77+131.19 -> 246.96 | F27: =D27-E27 -> 3.04
B28: Resource Rm | C28: Howard | D28: 250 | E28: =111.23+44.99+93.78 -> 250 | F28: =D28-E28 -> 0
B29: Library | C29: Donnelly | D29: 250 | E29: =65+34+55+25.98+30+32 -> 241.98 | F29: =D29-E29 -> 8.02
B30: Music | C30: Colett | D30: *included in music budget
B31: PE | C31: Villegas | D31: 250 | E31: =27.56+34.99+134.26 -> 196.81 | F31: =D31-E31 -> 53.19
B32: Social Wkr | C32: Silver | D32: 250 | E32: =97.66+37.32+61.58+18.95+34.49 -> 250 | F32: =D32-E32 -> 0
B33: Speech | C33: Castro/Moreno | D33: 250 | E33: 250 | F33: =D33-E33 -> 0
B34: Stu Success | C34: Starr | D34: 250 | E34: =57.96+192.04 -> 250 | F34: =D34-E34 -> 0
B35: Tech/STEAM | C35: Roller | D35: 250 | E35: =44.26+64.84+82.9+45.74 -> 237.74 | F35: =D35-E35 -> 12.26
D37: =SUM(D4:D35) -> 7750 | E37: =SUM(E4:E35) -> 6912.78 | F37: =SUM(F4:F35) -> 837.22 | G37: =SUM(G4:G35) -> 863.98 | H37: =SUM(H4:H35) -> 1686.02 | I37: =SUM(I4:I35) -> 0

Sheet Profit and Loss
A1: Statement of Activity
A2: Fir Grove PTO
A3: July 1, 2024-May 30, 2025
A5: Distribution account | B5: Total
A6: Income
A7: 5th Grade Send Off (Income) | B7: 2437.86 | C7: ='24 25 Spending'!N3 -> 2171.67 | D7: =C7-B7 -> -266.19 | E7: fixing
A8: Battle of the Books (Income) | B8: 1712.74 | C8: coded wrong, fixing
A9: Book Fair Sales | B9: 820.81 | C9: ='24 25 Spending'!N4 -> 2533.55 | D9: =B9+B8-C9 -> 0
A10: BottleDrop | B10: 2738.16 | C10: ='24 25 Spending'!N5 -> 2538.16 | D10: =C10-B10 -> -200 | E10: ok, $400 was from PY
A11: Box Tops (Income) | B11: 133 | C11: ='24 25 Spending'!N6 -> 133 | D11: =C11-B11 -> 0
A12: Fun Run (Income) | B12: 32755.07 | C12: ='24 25 Spending'!N7 -> 32755.07 | D12: =C12-B12 -> 0
A13: Member/Misc (Donations) | B13: 418.51 | C13: ='24 25 Spending'!N8 -> 1064.91 | D13: =C13-B13-B15 -> 396.4
A14: Music & School Concert Fundraising | B14: 1112.53 | C14: ='24 25 Spending'!N9 -> 1112.53 | D14: =C14-B14 -> 0
A15: Other Miscellaneous | B15: 250
A16: Restaurant / Retail Fundraisers | B16: 4337.05 | C16: ='24 25 Spending'!N10 -> 4105.57 | D16: =C16-B16 -> -231.48 | E16: ok, $231.48 from PY
A17: Rewards Programs (Donations) | B17: 0
A18: Kroger Rewards (Fred Meyer) | B18: 460.28 | C18: ='24 25 Spending'!N11 -> 460.28 | D18: =C18-B18 -> 0
A19: Total for Rewards Programs (Donations) | B19: =B17+B18 -> 460.28 | C19: ='24 25 Spending'!N12 -> 10647.35 | D19: =C19-B19 -> 10187.07
A20: School Supplies (Income) | B20: 10647.35 | C20: ='24 25 Spending'!N12 -> 10647.35 | D20: =C20-B20 -> 0
A21: Staff Appreciation Donations | B21: 523.75 | C21: ='24 25 Spending'!N13 -> 869.69 | D21: =C21-B21 -> 345.94 | E21: fixing
A22: Total for Income | B22: =B7+B8+B9+B10+B11+B12+B13+B14+B15+B16+B19+B20+B21 -> 58347.11
A23: Cost of Goods Sold
A24: Gross Profit | B24: =B22-B23 -> 58347.11
A25: Expenses
A26: 5th Grade Send Off (Expenses) | B26: 1269.1 | C26: ='24 25 Spending'!N17-'24 25 Spending'!M17 -> 1269.1
A27: Art Literacy | B27: 600 | C27: ='24 25 Spending'!N18 -> 600
A28: Assemblies | B28: 2051
A29: Battle of the Books | B29: 734.46
A30: Boo Hoo/Woo Hoo | B30: 68
A31: Book Fair Profit / Library Spending | B31: 1990.14
A32: Book Room | B32: 458.68
A33: Chess Club | B33: 478
A34: Class Parties | B34: 671.3
A35: Clothes Closet Donation | B35: 250
A36: Dry Cleaning | B36: 33
A37: Dues & Subscriptions | B37: 413.34
A38: Family Events - Donuts w/grownup / School Dance Etc | B38: 609.66
A39: Field Day | B39: 159.11
... A46: Kindy | B46: 264
A47: Total for Field Trips | B47: =B40+B41+B42+B43+B44+B45+B46 -> 7726.16
A48: Fun Run (Expenses) | B48: 4863.71 | C48: ='24 25 Spending'!N41+'24 25 Spending'!N40 -> 4863.71 | D48: =C48-B48 -> 0
A49: Insurance | B49: 335
A50: Jump Rope Club | B50: 406.77
A51: Meet Your Teacher | B51: 29.4
A52: Music & Concert Supplies & Expenses | B52: 3500
A53: Principal Budget | B53: 270
A54: PTO Meetings | B54: 112.95
A55: PTO Supplies | B55: 15.62
A56: Scholastic Subscription (3rd Grade) | B56: 453.76
A57: Scholastic Subscription (5th Grade) | B57: 453.75
A58: School Supplies (Expenses) | B58: 4395.22
A59: Snack Pantry | B59: 252.7
A60: Staff Appreciation (Meals, staff treats, Bdays, etc) | B60: 1871.38
A61: Staff Meals (Conferences, first friday, etc) | B61: 2298.89 | C61: =B61+B60 -> 4170.27 | D61: ='24 25 Spending'!N55 -> 3861.06 | E61: =C61-D61 -> 309.21 | F61: ok, $448 is from PY
A62: Total for Staff Appreciation (Meals, staff treats, Bdays, etc) | B62: =B60+B61 -> 4170.27
A63: Sunshine Fund | B63: 780.75
A64: Taxes & Licenses | B64: 140
A65: Teacher Supplies | B65: 5415.54
A66: The Wellness Center (SELC) | B66: 150
A67: Unbudgeted Expense | B67: 680.63
A68: Total for Expenses | B68: =B26+B27+B28+B29+B30+B31+B32+B33+B34+B35+B36+B37+B38+B39+B47+B48+B49+B50+B51+B52+B53+B54+B55+B56+B57+B58+B59+B62+B63+B64+B65+B66+B67 -> 43938.02 | C68: ='24 25 Spending'!N62-'24 25 Spending'!M62 -> 43490.03 | D68: =B68-C68 -> 447.99 | E68: ok, $448 is from PY
A69: Net Operating Income | B69: =B24-B68 -> 14409.09
A70: Other Income
A71: Bank Dividends | B71: 25.91
A72: CD Dividends | B72: 203.87
A73: Total for Other Income | B73: =B71+B72 -> 229.78 | C73: ='24 25 Spending'!N67 -> 254.56 | D73: =C73-B73 -> 24.78
A74: Other Expenses
A75: Net Other Income | B75: =B73-B74 -> 229.78
A76: Net Income | B76: =B69+B75 -> 14638.87
A80: Accrual Basis Friday, May 30, 2025 04:35 PM GMTZ
